 Dungeon Crawl Stone Soup version 0.32-a0-713-gb3796b0 (webtiles) character file.

Game seed: 1649252991200450215

2513 icedessert the Trooper (level 9, -1/77 HPs)
             Began as a Purple Draconian Shapeshifter on Mar 15, 2024.
             Was a Follower of Nemelex Xobeh.
             Slain by a steam dragon (2 damage)
             ... on level 7 of the Dungeon.
             The game lasted 00:15:00 (6940 turns).

icedessert the Trooper (DrSh)                       Turns: 6940, Time: 00:15:01

Health: -1/77      AC:  7    Str: 20    XL:     9   Next: 29%
Magic:  11/11      EV: 13    Int: 11    God:    Nemelex Xobeh [*.....]
Gold:   268        SH:  0    Dex: 11    Spells: 8/8 levels left

rFire   . .          .
                       - Unarmed
rCold   . . .        (no shield)
rNeg    . . .        (body armour unavailable)
rPois   .            (helmet currently unavailable)
rElec   .            (cloak currently unavailable)
rCorr   .            (gloves currently unavailable)
SInv    .            (boots currently unavailable)
Will    +....        (no amulet)
Stlth   ++           (no ring)
HPRegen 0.32/turn    (no ring)
MPRegen 0.12/turn

%: no passive effects
@: beast-form
A: beast (slay +3), nullifying breath, AC +7, unfitting armour, cold-blooded
a: Nullifying Breath, Begin Untransformation, Renounce Religion, Draw Escape,
Draw Destruction, Draw Summoning


You were on level 7 of the Dungeon.
You worshipped Nemelex Xobeh.
Nemelex Xobeh was aware of your devotion.
You were a hulking beast.
You visited 2 branches of the dungeon, and saw 8 of its levels.
You also visited: Sewer.

You collected 268 gold pieces.

Inventory:

Missiles
 p - a throwing net (quivered)
Armour
 k - a scarf of resistance
Talismans
 b - a beast talisman (active)
 c - a flux talisman
 o - a blade talisman
Wands
 n - a wand of flame (17)
Scrolls
 f - 2 scrolls of teleportation
 g - 2 scrolls of fog
 i - a scroll of vulnerability
 l - a scroll of fear
 w - 2 scrolls of amnesia
 x - 2 scrolls of blinking
Potions
 e - 2 potions of brilliance {unknown}
 h - a potion of curing
 j - 3 potions of enlightenment {unknown}
 m - a potion of ambrosia {unknown}
 q - a potion of heal wounds {unknown}
 r - a potion of invisibility {unknown}
 s - a potion of haste {unknown}
 t - 2 potions of magic {unknown}
 v - a potion of mutation {unknown}


   Skills:
 + Level 6.3 Fighting
 - Level 6.0 Dodging
 - Level 3.0 Stealth
 + Level 6.1 Unarmed Combat
 + Level 3.4 Invocations
 + Level 6.1 Shapeshifting


You had 8 spell levels left.
You didn't know any spells.
Your spell library contained the following spells:

 Spells                   Type           Power      Damage    Failure   Level
 Apportation              Tloc           0%         N/A       34%         1
 Jinxbite                 Hex            0%         N/A       47%         2
 Inner Flame              Hex/Fire       0%         N/A       71%         3
 Anguish                  Hex/Necr       0%         N/A       98%         4
 Cause Fear               Hex            0%         N/A       98%         4
 Alistair's Intoxication  Alch           0%         N/A       100%        5
 Irradiate                Conj/Alch      0%         3d11      100%        5
 Enfeeble                 Hex            0%         N/A       100%        7
 Ignition                 Fire           0%         3d3       100%        8


Dungeon Overview and Level Annotations

Branches:
Dungeon (7/15)             Temple (1/1) D:5           Sewer (visited)

Altars:
Ashenzari
Dithmenos
Gozag
Hepliaklqana
Kikubaaqudgha
Nemelex Xobeh
Okawaru
Qazlal
Ru
Trog
Wu Jian
Yredelemnul
Zin
The Shining One


Innate Abilities, Weirdness & Mutations

You are a hulking beast.
Your limbs bulge with bestial killing power. (Slay +3)
You can breathe blasts of antimagic.
Your rich purple scales are hard. (AC +7)
You cannot fit into any form of body armour.
You are cold-blooded and may be slowed by cold attacks.


Message History

The steam dragon is moderately wounded.
The steam dragon breathes steam at you. The ball of steam hits you.
You hit the steam dragon.
The steam dragon is heavily wounded.
You are engulfed in a cloud of scalding steam.
The steam dragon misses you. The steam dragon barely misses you.
You punch the steam dragon!
The steam dragon is severely wounded.
You are engulfed in a cloud of scalding steam.
The steam dragon barely misses you. The steam dragon claws you.
You closely miss the steam dragon.
Your tail-slap misses the steam dragon.
The steam dragon is severely wounded.
You are engulfed in a cloud of scalding steam.
* * * LOW HITPOINT WARNING * * *
The steam dragon barely misses you. The steam dragon misses you.
Unknown command.
Unknown command.
Okay, then.
The steam dragon attacks as it pursues you!
The steam dragon misses you. The steam dragon barely misses you.
You hit the steam dragon but do no damage.
The steam dragon is severely wounded.
The steam dragon bites you!
* * * LOW HITPOINT WARNING * * *
The steam dragon claws you but does no damage.
Unknown command.
Unknown command.
You feel better. The steam dragon breathes steam at you.
The ball of steam hits you!!
* * * LOW HITPOINT WARNING * * *
You're standing in a cloud of steam!
Unknown command.
Okay, then.
You draw a card...
You have drawn the Cloud.
Clouds appear around your foes!
You are engulfed in a cloud of scalding steam.
The steam dragon bites you.
You die...
Your body glows slightly and disappears.

#.#.....#.#.#.#
#.#.#.#.#.#.#.#
#...#.#...###.#
#####.##### #.#
#.# #.# #.#
###.######## ...
#........... ###
#.##..#######.##
#.....§§hD☼....#
#############.##


You could see a steam dragon (catching breath).

Vanquished Creatures
  Grinder (D:3)
  Eustachio (D:6)
  A water moccasin (D:6)
  Duvessa (D:5)
  A black bear (D:5)
  An orc warrior (D:6)
  2 ice beasts
  2 centaurs (D:6)
  A phantom (D:4)
  A kobold brigand (Sewer)
  2 scorpions
  3 wights (D:7)
  Dowan (D:5)
  3 hounds (D:6)
  2 jellies
  3 bombardier beetles
  2 orc priests
  Crazy Yiuf (D:5)
  3 iguanas
  Ijyb (D:3)
  Terence (D:3)
  Natasha (thrice) (D:3)
  4 orc wizards
  16 adders
  A river rat (Sewer)
  2 ufetubi (D:6)
  A dart slug (D:1)
  21 orcs
  13 ball pythons
  4 endoplasms
  4 giant cockroaches
  10 goblins
  6 hobgoblins
  2 jackals (D:5)
  6 quokkas
  7 bats
  6 frilled lizards
  26 kobolds
  30 rats
196 creatures vanquished.

Notes
Turn   | Place    | Note
-------+----------+-------------------------------------------
     0 | D:1      | icedessert the Draconian Shapeshifter began the quest for
                  | the Orb.
     0 | D:1      | Reached XP level 1. HP: 16/16 MP: 1/1
    70 | D:1      | Reached XP level 2. HP: 23/23 MP: 2/2
   167 | D:1      | Found a faded altar of an unknown god.
   475 | D:2      | Reached XP level 3. HP: 14/28 MP: 3/3
  1054 | D:2      | Reached XP level 4. HP: 36/36 MP: 4/4
  1724 | D:3      | Noticed Natasha
  1729 | D:3      | Killed Natasha
  1955 | D:3      | Noticed Terence
  1969 | D:3      | Killed Terence
  1970 | D:3      | Reached XP level 5. HP: 37/42 MP: 5/5
  2169 | D:3      | Noticed Natasha
  2176 | D:3      | Killed Natasha
  2355 | D:3      | Noticed Grinder
  2489 | D:3      | Noticed Natasha
  2497 | D:3      | Killed Natasha
  2611 | D:3      | Noticed Ijyb
  2637 | D:3      | HP: 2/45 [Ijyb/puff of flame (12)]
  2640 | D:3      | Killed Ijyb
  2641 | D:3      | Reached XP level 6. HP: 3/51 MP: 6/6
  2895 | D:3      | Paralysed by Grinder for 5 turns
  2902 | D:3      | Killed Grinder
  2903 | D:3      | Reached skill level 5 in Unarmed Combat
  3162 | D:4      | Found a glowing drain.
  3166 | Sewer    | Entered a sewer
  3221 | Sewer    | Your scales start taking on a rich purple colour.
  3221 | Sewer    | Reached XP level 7. HP: 60/60 MP: 7/7
  3534 | Sewer    | Reached skill level 5 in Fighting
  4037 | D:5      | Entered Level 5 of the Dungeon
  4081 | D:5      | Reached skill level 5 in Shapeshifting
  4182 | D:5      | Found a stormy altar of Qazlal.
  4238 | D:5      | Found a staircase to the Ecumenical Temple.
  4270 | Temple   | Entered the Ecumenical Temple
  4336 | Temple   | Became a worshipper of Nemelex Xobeh the Trickster
  4383 | D:5      | Reached XP level 8. HP: 46/68 MP: 8/8
  4572 | D:5      | Found a runed translucent door.
  4573 | D:5      | Noticed Crazy Yiuf
  4955 | D:5      | Noticed Dowan
  4956 | D:5      | Noticed Duvessa
  4970 | D:5      | Killed Dowan
  4971 | D:5      | Reached skill level 1 in Stealth
  5036 | D:5      | Killed Duvessa
  5037 | D:5      | Reached skill level 1 in Invocations
  5121 | D:5      | Killed Crazy Yiuf
  5251 | D:6      | Reached * piety under Nemelex Xobeh
  5324 | D:6      | Noticed Eustachio
  5363 | D:6      | Reached skill level 5 in Dodging
  5370 | D:6      | Killed Eustachio
  5581 | D:6      | Received a gift from Nemelex Xobeh
  6102 | D:6      | Reached XP level 9. HP: 54/75 MP: 9/11
  6315 | D:6      | Noticed a troll
  6939 | D:7      | HP: 1/77 [steam dragon/ball of steam (20)]
  6940 | D:7      | Slain by a steam dragon

Illustrated notes

Levels and vault maps discovered:
D:1:      sevenhm_arrival_forest_fort_small_4, layout_rooms,
          basic_ecumenical_altar
D:2:      kb_forest_paths, layout_basic, chequers_big_river
D:3:      layout_loops_cross, st_stairs_8, uniq_grinder, uniq_natasha,
          uniq_terence, uniq_ijyb
D:4:      layout_rooms, mainiacjoe_sewer_entry_somewhere_in_here_2
D:5:      layout_cave_pools, nicolae_qazlal_scattered_showers,
          minmay_temple_entry_crystal_x, uniq_duvessa, uniq_crazy_yiuf_cottage
D:6:      minmay_chambers_of_fours, layout_loops_ring, led_sif_book,
          uniq_eustachio
D:7:      layout_basic, kennysheep_mini_moat, regret_index_xom_of_box,
          mainiacjoe_overflow_24_doors, minmay_misc_feat_ornament
Temple:   hellmonk_temple_forest_ring

Skill      XL: |  1  2  3  4  5  6  7  8  9 |
---------------+----------------------------+-----
Dodging        | 2 3 4 5 6 |  6.0
Fighting       | 2 3 4 5 6 |  6.3
Unarmed Combat | 4 5 6 |  6.1
Shapeshifting  | 4 6 |  6.1
Stealth        | 2 3 |  3.0
Invocations    | 2 3 |  3.4

Action                     |  1- 3 |  4- 6 |  7- 9 || total
---------------------------+-------+-------+-------++-------
  Melee: Unarmed           |   133 |   155 |   337 ||   625
         Tailslap          |    13 |    20 |    41 ||    74
         Punch             |     2 |     5 |    11 ||    18
 Invoke: Draw Escape       |       |       |     1 ||     1
Ability: Nullifying Breath |       |       |     3 ||     3
  Evoke: Wand              |       |     6 |     9 ||    15
    Use: Scroll            |       |     5 |     8 ||    13
         Potion            |       |       |     4 ||     4
   Stab: Sleeping          |       |       |     2 ||     2
 Armour: Skin              |    91 |    89 |   324 ||   504
  Dodge: Dodged            |    73 |    77 |   229 ||   379
   Form: Beast             |       |     2 |       ||     2
                           |       |     1 |       ||     1
         Flux              |       |     1 |       ||     1
         Blade             |       |     1 |       ||     1

Table legend: (Time is in decaauts)
 A = Elapsed time spent in this place.
 B = Non-inter-level travel time spent in this place.
 C = Inter-level travel time spent in this place.
 D = Time resting spent in this place.
 E = Time spent auto-exploring this place.
 F = Levels seen in this place.
 G = Mean time per level.
                   A        B        C        D        E       F      G
               +--------+--------+--------+--------+--------+-----+--------+
         Total |   6950 |   6734 |    216 |   1194 |   4117 |   9 |  772.2 |
       Dungeon |   6037 |   5887 |    150 |   1194 |   3479 |   7 |  862.4 |
        Temple |     81 |     15 |     66 |      0 |     14 |   1 |   81.0 |
         Sewer |    831 |    831 |      0 |      0 |    624 |   1 |  831.0 |
               +--------+--------+--------+--------+--------+-----+--------+

Top non-repeatable levels by time:
     D:3: 1320 daAuts
     D:2: 1303 daAuts
     D:6: 1276 daAuts
     D:5: 1050 daAuts
   Sewer: 831 daAuts
     D:7: 470 daAuts
     D:1: 435 daAuts
     D:4: 181 daAuts
  Temple: 81 daAuts
